Map: Romanticide LE

Players

A.I. 1 (Very Easy)

  • Race: Terran Terran
  • Spawn Location: 11:00

rottenorange

  • Race: Zerg Zerg
  • League: Silver
  • Spawn Location: 5:00

VOD

Have the link to the VOD?

Description

Time

  • Played on: Oct. 10, 2020, 4:41 p.m.
  • Length: 17:26
Show
View Real Time Build Order
Export as new Build Order

A.I. 1 (Very Easy) Terran 

Build Orders: Command Center First (CC) 

Get SALT Encoding   

    0:28  SCV x12  
    0:40  Unknown  
  12  2:31  SCV  
  13  2:44  SCV  
  14  2:48  Supply Depot  
  14  2:56  SCV  
  15  3:09  SCV  
  16  3:21  SCV  
  17  3:30  Command Center  
  17  3:33  SCV  
  18  3:44  Barracks  
  18  3:53  Supply Depot  
  18  3:56  Refinery  
  18  4:00  SCV  
  19  4:06  Refinery  
  19  4:12  SCV  
  20  4:30  Marine  
  21  4:48  Reaper  
  22  4:53  SCV  
  23  5:00  SCV  
  24  5:07  SCV  
  25  5:15  SCV  
  26  5:22  SCV  
  26  5:27  Marine  
  26  5:28  Factory  
  28  5:29  SCV  
  29  5:36  SCV  
  30  6:12  Marine  
  30  6:14  Starport  
  31  6:47  Supply Depot  
  31  6:50  Starport Tech Lab  
  31  6:57  Marine  
  32  7:09  Raven  
  34  7:42  Marine  
  35  7:52  Raven  
  37  8:28  Reaper  
  38  8:44  Command Center  
  38  9:00  Barracks Tech Lab  
  38  9:20  Marauder  
  40  9:56  SCV  
  41  10:03  SCV  
  42  10:08  Refinery  
  42  10:10  SCV  
  42  10:11  Refinery  
  43  10:17  SCV  
  44  10:25  SCV  
  45  10:32  SCV  
  46  10:39  SCV  
  47  10:46  SCV  
  48  10:53  SCV  
  49  11:01  SCV  
  50  11:08  SCV  
  51  11:15  SCV  
  52  11:22  SCV  
  53  13:28  Medivac, Factory Tech Lab  
  53  13:31  Supply Depot  
  55  13:50  Siege Tank  
  58  13:58  Medivac  
  59  14:12  Marine  
  48  14:28  Raven  
  48  14:30  Marine  
  51  14:48  Marine  
  52  15:06  Marine  
  53  15:10  Raven  
  55  15:24  Marauder  
  57  15:37  SCV  
  57  15:48  Marine  
  57  15:56  SCV  
  53  16:04  SCV  
  24  16:15  Supply Depot  
  12  16:25  SCV  
  11  16:34  Supply Depot  
  11  16:38  SCV  
  1  17:07  Supply Depot  
Show
View Real Time Build Order
Export as new Build Order

rottenorange Zerg 

Build Orders: Hatch First 

Get SALT Encoding   

  1  0:00  Lair  
    0:22  Overlord  
    0:28  Drone x12  
  12  2:32  Drone  
  13  2:42  Overlord  
  13  2:45  Drone  
  14  3:01  Drone x2  
  16  3:11  Drone  
  17  3:23  Hatchery  
  16  3:30  Extractor  
  16  3:32  Drone  
  16  3:40  Spawning Pool  
  15  3:43  Drone  
  15  3:47  Drone  
  17  3:56  Drone  
  18  4:05  Drone  
  19  4:19  Overlord  
  19  4:27  Queen  
  21  4:35  Queen  
  21  4:36  Zergling x4  
  25  4:44  Metabolic Boost  
  26  4:52  Drone  
  26  4:53  Drone x2  
  28  5:29  Queen  
  28  5:30  Hatchery  
  28  5:33  Queen  
  31  5:40  Spore Crawler  
  31  5:42  Drone x6  
  37  5:53  Overlord x2  
  37  6:01  Spore Crawler  
  36  6:05  Spore Crawler  
  35  6:12  Spore Crawler  
  34  6:25  Drone  
  34  6:26  Drone x2  
  37  6:32  Spawning Pool  
  37  6:37  Drone  
  37  6:39  Roach Warren  
  36  6:41  Drone  
  36  6:42  Drone x4  
  41  6:52  Queen  
  43  6:59  Overlord  
  43  7:01  Drone  
  43  7:02  Drone x3  
  47  7:14  Spine Crawler  
  46  7:16  Spine Crawler  
  46  7:18  Drone  
  46  7:19  Drone x4  
  50  7:37  Evolution Chamber  
  49  8:07  Roach x8  
  49  8:11  Overlord x2  
  49  8:12  Overlord  
  65  8:15  Drone  
  65  8:19  Lair  
  66  8:24  Extractor  
  66  8:26  Extractor  
  64  8:28  Drone x2  
  64  8:32  Drone  
  64  8:33  Drone x8  
  75  8:46  Drone  
  75  8:47  Drone x2  
  78  8:54  Drone  
  79  9:00  Zerg Missile Weapons Level 1  
  79  9:08  Evolution Chamber  
  78  9:17  Glial Reconstitution  
  78  9:31  Roach x6  
  80  9:33  Overlord x3  
  80  9:34  Overlord x2  
  90  9:43  Overlord  
  90  9:44  Overlord x10  
  90  9:45  Extractor  
  89  9:51  Drone  
  90  10:08  Overseer x3  
  90  10:09  Hydralisk Den  
  89  10:17  Roach x7  
  89  10:18  Roach  
  105  10:27  Overseer  
  105  10:34  Extractor x2  
  103  10:40  Drone x4  
  103  10:41  Drone x2  
  109  10:43  Hydralisk x3  
  115  11:02  Zerg Ground Armor Level 1  
  115  11:09  Zerg Missile Weapons Level 2  
  115  11:15  Grooved Spines  
  115  11:18  Drone  
  115  11:19  Drone x7  
  123  11:47  Hatchery, Hydralisk x10  
  122  11:48  Hydralisk  
  122  11:54  Overseer  
  144  11:56  Overseer  
  144  11:59  Overseer  
  144  12:10  Roach x2, Hydralisk  
  144  12:11  Hydralisk x2  
  144  12:12  Roach  
  156  12:28  Drone  
  156  12:29  Drone x11  
  168  12:35  Roach x4, Hydralisk  
  168  12:36  Roach x3  
  184  12:45  Extractor  
  184  12:47  Extractor  
  182  13:01  Queen  
  184  13:56  Spine Crawler  
  184  14:02  Spore Crawler  
  182  14:13  Spine Crawler  
  181  14:19  Spine Crawler  
  181  14:23  Spine Crawler  
  179  14:33  Spore Crawler, Zerg Ground Armor Level 2  
  179  14:37  Muscular Augments  
  178  14:39  Tunneling Claws  
  178  14:43  Ravager x6  
Tags
 
Add a new tag
Caveats
  • Supply blocks, unpowered buildings, or Contaminate may cause inaccurate times.
  • Supply counts are checked every 10 seconds.